IL
GWINNETT BRAVES @ CHARLOTTE KNIGHTS
09/14/2080
 
TOP OF THE 1ST
Gwinnett Braves batting - Pitching for Charlotte Knights : RHP Zaire Stamps
Pitching: RHP Zaire Stamps
Batting: RHB Rafael Espinal 0-0: Hit by Pitch
Batting: RHB Victor Dias 0-0: Called Strike
0-1: Swinging Strike
0-2: Ball
1-2: Ball
2-2: Ball
3-2: Base on Balls
Rafael Espinal to second
Batting: LHB Ivan Araneda 0-0: Ball
Wild Pitch!
Rafael Espinal to third
Victor Dias to second
1-0: Ball
2-0: Ground out U3 (Groundball, 34, EV 90.0 MPH)
Rafael Espinal scores
Victor Dias to third
Batting: LHB Al Aguilar 0-0: Foul Ball, location: 2F
0-1: Fly out, F7 (Flyball, 7, EV 93.1 MPH)
Runner from 3rd tags up, SCORES, throw by LF
Batting: RHB Rob Grider 0-0: Ball
1-0: Ball
2-0: Ball
3-0: Called Strike
3-1: Called Strike
3-2: SINGLE (Line Drive, 4M, EV 94.4 MPH)
Batting: RHB Bill O'Connor 0-0: Ball
1-0: Called Strike
1-1: Fielders Choice at 2nd, 5-4 (Groundball, 56, EV 81.9 MPH)
Top of the 1st over - 2 runs, 1 hit, 0 errors, 1 left on base; Gwinnett 2 - Charlotte 0
BOTTOM OF THE 1ST
Charlotte Knights batting - Pitching for Gwinnett Braves : LHP George Woolbright
Pitching: LHP George Woolbright
Batting: RHB Justin Ihrig 0-0: Foul Ball, location: 2F
0-1: Ball
1-1: Ball
2-1: Swinging Strike
2-2: Strikes out swinging
Batting: RHB John Althoff 0-0: Called Strike
0-1: Called Strike
0-2: Fly out, F3 (Popup, 3, EV 66.9 MPH)
Batting: LHB Drenis Speer 0-0: Called Strike
0-1: SINGLE (Line Drive, 78M, EV 103.1 MPH)
Batting: RHB Kevin Van Wert 0-0: Ball
1-0: Ball
2-0: Ball
3-0: Called Strike
3-1: Called Strike
3-2: Foul Ball, location: 2F
3-2: Foul Ball, location: 2F
3-2: Base on Balls
Drenis Speer to second
Batting: RHB Francisco Maldonado 0-0: Called Strike
0-1: Ball
1-1: Foul Ball, location: 2F
1-2: Ball
Wild Pitch!
Drenis Speer to third
Kevin Van Wert to second
2-2: Ground out 6-3 (Groundball, 6, EV 85.0 MPH)
Bottom of the 1st over - 0 runs, 1 hit, 0 errors, 2 left on base; Gwinnett 2 - Charlotte 0
TOP OF THE 2ND
Gwinnett Braves batting - Pitching for Charlotte Knights : RHP Zaire Stamps
Batting: RHB Jordan Woods 0-0: Called Strike
0-1: Called Strike
0-2: Ball
1-2: Ground out 6-3 (Groundball, 6, EV 83.1 MPH)
Batting: RHB Eric Cunningham 0-0: Ground out 5-3 (Groundball, 5, EV 83.8 MPH)
Batting: RHB Josh Shedlock 0-0: Foul Ball, location: 2F
0-1: Ball
1-1: Called Strike
1-2: Foul Ball, location: 2F
1-2: Ball
2-2: SINGLE (Groundball, 56D, EV 106.2 MPH)
Batting: RHB Rafael Espinal 0-0: Called Strike
0-1: Called Strike
0-2: Fielders Choice at 2nd, 6-4 (Groundball, 6, EV 86.2 MPH)
Top of the 2nd over - 0 runs, 1 hit, 0 errors, 1 left on base; Gwinnett 2 - Charlotte 0
BOTTOM OF THE 2ND
Charlotte Knights batting - Pitching for Gwinnett Braves : LHP George Woolbright
Batting: RHB Alex Guerrero 0-0: Called Strike
0-1: Called Strike
0-2: SINGLE (Groundball, 4D, EV 111.2 MPH)
Batting: RHB Tyler Baker 0-0: Called Strike
0-1: Fly out, F9 (Flyball, 89M, EV 89.4 MPH)
Batting: RHB Chris Neary 0-0: Ball
1-0: Foul Ball, location: 2F
1-1: Ball
2-1: Called Strike
2-2: Fielders Choice at 2nd, 4-6 (Groundball, 4M, EV 81.2 MPH)
Batting: RHB Ricky Kleiss 0-0: Ball
1-0: Swinging Strike
1-1: Called Strike
1-2: Strikes out swinging
Bottom of the 2nd over - 0 runs, 1 hit, 0 errors, 1 left on base; Gwinnett 2 - Charlotte 0
TOP OF THE 3RD
Gwinnett Braves batting - Pitching for Charlotte Knights : RHP Zaire Stamps
Batting: RHB Victor Dias 0-0: Called Strike
0-1: Reached on error, E6 (Groundball, 6, EV 102.5 MPH)
Batting: LHB Ivan Araneda 0-0: Fly out, F7 (Flyball, 78M, EV 79.4 MPH)
Batting: LHB Al Aguilar 0-0: Called Strike
0-1: Foul Ball, location: 2F
0-2: Ball
1-2: Foul Ball, location: 2F
1-2: Ball
2-2: Fly out, F4 (Line Drive, 4, EV 71.9 MPH)
Batting: RHB Rob Grider 0-0: Ball
1-0: Ball
2-0: Ball
3-0: Called Strike
3-1: Fly out, F7 (Flyball, 78M, EV 88.8 MPH)
Top of the 3rd over - 0 runs, 0 hits, 1 error, 1 left on base; Gwinnett 2 - Charlotte 0
BOTTOM OF THE 3RD
Charlotte Knights batting - Pitching for Gwinnett Braves : LHP George Woolbright
Batting: RHB Justin Ihrig 0-0: Called Strike
0-1: Foul Ball, location: 2F
0-2: Ball
1-2: Ball
2-2: Strikes out swinging
Batting: RHB John Althoff 0-0: Ball
1-0: Ball
2-0: Fly out, F8 (Flyball, 8RM, EV 78.1 MPH)
Batting: LHB Drenis Speer 0-0: Ground out 4-3 (Groundball, 4, EV 93.1 MPH)
Bottom of the 3rd over - 0 runs, 0 hits, 0 errors, 0 left on base; Gwinnett 2 - Charlotte 0
TOP OF THE 4TH
Gwinnett Braves batting - Pitching for Charlotte Knights : RHP Zaire Stamps
Batting: RHB Bill O'Connor 0-0: Called Strike
0-1: Swinging Strike
0-2: Ball
1-2: Ball
2-2: Foul Ball, location: 2F
2-2: Foul Ball, location: 2F
2-2: Foul Ball, location: 2F
2-2: Ground out 4-3 (Groundball, 4, EV 88.1 MPH)
Batting: RHB Jordan Woods 0-0: Ball
1-0: Ball
2-0: Ball
3-0: Called Strike
3-1: Swinging Strike
3-2: Foul Ball, location: 2F
3-2: Strikes out swinging
Batting: RHB Eric Cunningham 0-0: SINGLE (Groundball, 6MD, EV 100.6 MPH)
Batting: RHB Josh Shedlock 0-0: Called Strike
0-1: Fielders Choice at 2nd, 6-4 (Groundball, 6, EV 103.1 MPH)
Top of the 4th over - 0 runs, 1 hit, 0 errors, 1 left on base; Gwinnett 2 - Charlotte 0
BOTTOM OF THE 4TH
Charlotte Knights batting - Pitching for Gwinnett Braves : LHP George Woolbright
Batting: RHB Kevin Van Wert 0-0: Ball
1-0: Ground out 6-3 (Groundball, 6, EV 93.8 MPH)
Batting: RHB Francisco Maldonado 0-0: Ball
1-0: Ground out 5-3 (Groundball, 5, EV 86.2 MPH)
Batting: RHB Alex Guerrero 0-0: Ground out 6-3 (Groundball, 6S, EV 87.5 MPH)
Bottom of the 4th over - 0 runs, 0 hits, 0 errors, 0 left on base; Gwinnett 2 - Charlotte 0
TOP OF THE 5TH
Gwinnett Braves batting - Pitching for Charlotte Knights : RHP Zaire Stamps
Batting: RHB Rafael Espinal 0-0: Called Strike
0-1: Ball
1-1: Ground out U3 (Groundball, 34, EV 83.8 MPH)
Batting: RHB Victor Dias 0-0: Ball
1-0: Foul Ball, location: 2F
1-1: Foul Ball, location: 2F
1-2: Ball
2-2: Foul Ball, location: 2F
2-2: Foul Ball, location: 2F
2-2: Ball
3-2: Hit by Pitch
Batting: LHB Ivan Araneda 0-0: Ball
1-0: Fly out, F8 (Flyball, 89S, EV 88.1 MPH)
Batting: LHB Al Aguilar 0-0: Ball
1-0: Foul Ball, location: 2F
1-1: Ball
2-1: Fly out, F7 (Line Drive, 7LS, EV 96.2 MPH)
Top of the 5th over - 0 runs, 0 hits, 0 errors, 1 left on base; Gwinnett 2 - Charlotte 0
BOTTOM OF THE 5TH
Charlotte Knights batting - Pitching for Gwinnett Braves : LHP George Woolbright
Batting: RHB Tyler Baker 0-0: Called Strike
0-1: Foul Ball, location: 2F
0-2: Ball
1-2: Ground out 4-3 (Groundball, 34, EV 98.8 MPH)
Batting: RHB Chris Neary 0-0: Ball
1-0: Called Strike
1-1: Ball
2-1: SINGLE (Line Drive, 6D, EV 97.5 MPH)
Batting: RHB Ricky Kleiss 0-0: Ball
Chris Neary steals 2nd base
1-0: Ball
2-0: Called Strike
2-1: Foul Ball, location: 2F
2-2: Foul Ball, location: 2F
2-2: Ground out U3 (Groundball, 34S, EV 85.6 MPH)
Chris Neary to third
Batting: RHB Justin Ihrig 0-0: Ball
1-0: Ball
2-0: Foul Ball, location: 2F
2-1: Ball
3-1: Foul Ball, location: 2F
3-2: Strikes out looking
Bottom of the 5th over - 0 runs, 1 hit, 0 errors, 1 left on base; Gwinnett 2 - Charlotte 0
TOP OF THE 6TH
Gwinnett Braves batting - Pitching for Charlotte Knights : RHP Zaire Stamps
Batting: RHB Rob Grider 0-0: Fly out, F8 (Flyball, 8RM, EV 87.5 MPH)
Batting: RHB Bill O'Connor 0-0: Reached via error on a dropped throw from 2B, E3 (Groundball, 4, EV 109.4 MPH)
Batting: RHB Jordan Woods 0-0: Ball
1-0: Called Strike
Bill O'Connor steals 2nd base
1-1: DOUBLE (Line Drive, 78D, EV 103.8 MPH)
Bill O'Connor scores
Batting: RHB Eric Cunningham 0-0: Fly out, F8 (Flyball, 8LS, EV 90.0 MPH)
Batting: RHB Josh Shedlock 0-0: Called Strike
0-1: Ball
1-1: Swinging Strike
1-2: Foul Ball, location: 2F
1-2: Strikes out swinging
Top of the 6th over - 1 run, 1 hit, 1 error, 1 left on base; Gwinnett 3 - Charlotte 0
BOTTOM OF THE 6TH
Charlotte Knights batting - Pitching for Gwinnett Braves : LHP George Woolbright
Batting: RHB John Althoff 0-0: Foul Ball, location: 2F
0-1: Foul Ball, location: 2F
0-2: Ball
1-2: Ground out 5-3 (Groundball, 56S, EV 86.2 MPH)
Batting: LHB Drenis Speer 0-0: Ball
1-0: Ground out 4-3 (Groundball, 4, EV 86.9 MPH)
Batting: RHB Kevin Van Wert 0-0: Called Strike
0-1: SINGLE (Groundball, 6MD, EV 103.1 MPH)
Batting: RHB Francisco Maldonado 0-0: Ball
1-0: Called Strike
Kevin Van Wert is caught stealing 2nd base 2-4
Bottom of the 6th over - 0 runs, 1 hit, 0 errors, 0 left on base; Gwinnett 3 - Charlotte 0
TOP OF THE 7TH
Gwinnett Braves batting - Pitching for Charlotte Knights : RHP Zaire Stamps
Batting: RHB Rafael Espinal 0-0: Ground out 4-3 (Groundball, 4M, EV 105.0 MPH)
Batting: RHB Victor Dias 0-0: Called Strike
0-1: Foul Ball, location: 2F
0-2: Ball
1-2: Fly out, F8 (Flyball, 8LXD, EV 93.8 MPH)
Batting: LHB Ivan Araneda 0-0: Foul Ball, location: 2F
0-1: Ball
1-1: Ball
2-1: Ball
3-1: Base on Balls
Batting: LHB Al Aguilar 0-0: Called Strike
0-1: Ground out 4-3 (Groundball, 34, EV 100.6 MPH)
Top of the 7th over - 0 runs, 0 hits, 0 errors, 1 left on base; Gwinnett 3 - Charlotte 0
BOTTOM OF THE 7TH
Charlotte Knights batting - Pitching for Gwinnett Braves : LHP George Woolbright
Batting: RHB Francisco Maldonado 0-0: Ball
1-0: Foul Ball, location: 2F
1-1: Called Strike
1-2: Ground out 4-3 (Groundball, 4, EV 88.8 MPH)
Batting: RHB Alex Guerrero 0-0: Called Strike
0-1: Foul Ball, location: 2F
0-2: Strikes out swinging
Batting: RHB Tyler Baker 0-0: Called Strike
0-1: Foul Ball, location: 2F
0-2: SINGLE (Groundball, 6MD, EV 96.2 MPH)
Pitching: RHP Ben Bradford
Batting: RHB Chris Neary 0-0: Ball
1-0: Ball
2-0: Swinging Strike
2-1: Called Strike
2-2: Ball
3-2: Strikes out swinging
Bottom of the 7th over - 0 runs, 1 hit, 0 errors, 1 left on base; Gwinnett 3 - Charlotte 0
TOP OF THE 8TH
Gwinnett Braves batting - Pitching for Charlotte Knights : RHP Zaire Stamps
Batting: RHB Rob Grider 0-0: Called Strike
0-1: DOUBLE (Line Drive, 9LS, EV 96.9 MPH)
Batting: RHB Bill O'Connor 0-0: Ball
1-0: Ball
2-0: Ground out 4-3 (Groundball, 13, EV 85.0 MPH)
Rob Grider to third
Pitching: RHP Alberto Peraza
Batting: RHB Jordan Woods 0-0: Ball
1-0: Ball
2-0: Ball
3-0: Called Strike
3-1: Foul Ball, location: 2F
3-2: Base on Balls
Batting: RHB Eric Cunningham 0-0: Ball
1-0: Ball
2-0: Ball
3-0: Called Strike
3-1: Grounds out, U3 (Groundball, 3L, EV 106.9 MPH)
Rob Grider scores
Batting: RHB Josh Shedlock 0-0: Ball
1-0: Foul Ball, location: 2F
1-1: Foul Ball, location: 2F
1-2: Fly out, F4 (Popup, 4, EV 50.0 MPH)
Top of the 8th over - 1 run, 1 hit, 0 errors, 1 left on base; Gwinnett 4 - Charlotte 0
BOTTOM OF THE 8TH
Charlotte Knights batting - Pitching for Gwinnett Braves : RHP Ben Bradford
Batting: RHB Ricky Kleiss 0-0: Called Strike
0-1: Ball
1-1: Swinging Strike
1-2: Ball
2-2: Foul Ball, location: 2F
2-2: Strikes out looking
Batting: RHB Justin Ihrig 0-0: Swinging Strike
0-1: Foul Ball, location: 2F
0-2: DOUBLE (Line Drive, 89XD, EV 99.4 MPH)
Batting: RHB John Althoff 0-0: Ball
1-0: Ball
2-0: Called Strike
2-1: Ground out 6-3 (Groundball, 6, EV 91.2 MPH)
Justin Ihrig to third
Batting: LHB Drenis Speer 0-0: Called Strike
0-1: Ball
1-1: DOUBLE (Line Drive, 89D, EV 106.9 MPH)
Justin Ihrig scores
Pitching: LHP Rafael Palomino
Batting: RHB Kevin Van Wert 0-0: Foul Ball, location: 2F
0-1: Foul Ball, location: 2F
0-2: Ball
1-2: Strikes out looking
Bottom of the 8th over - 1 run, 2 hits, 0 errors, 1 left on base; Gwinnett 4 - Charlotte 1
TOP OF THE 9TH
Gwinnett Braves batting - Pitching for Charlotte Knights : RHP Alberto Peraza
Pitching: RHP Alex Yepez
Batting: RHB Rafael Espinal 0-0: Ball
1-0: Fly out, F9 (Line Drive, 9, EV 98.8 MPH)
Batting: RHB Victor Dias 0-0: Ball
1-0: Foul Ball, location: 2F
1-1: Called Strike
1-2: Strikes out swinging
Batting: LHB Ivan Araneda 0-0: Called Strike
0-1: Foul Ball, location: 2F
0-2: Foul Ball, location: 2F
0-2: SINGLE (Groundball, 4MD, EV 97.5 MPH)
Batting: LHB Al Aguilar 0-0: Ball
1-0: Foul Ball, location: 2F
1-1: Fly out, F7 (Line Drive, 7D, EV 98.1 MPH)
Top of the 9th over - 0 runs, 1 hit, 0 errors, 1 left on base; Gwinnett 4 - Charlotte 1
BOTTOM OF THE 9TH
Charlotte Knights batting - Pitching for Gwinnett Braves : LHP Rafael Palomino
Batting: RHB Francisco Maldonado 0-0: Swinging Strike
0-1: Swinging Strike
0-2: Ball
1-2: Ball
2-2: Strikes out swinging
Batting: RHB Alex Guerrero 0-0: Ball
1-0: Ball
2-0: Swinging Strike
2-1: Foul Ball, location: 2F
2-2: Foul Ball, location: 2F
2-2: Strikes out swinging
Batting: RHB Tyler Baker 0-0: Ball
1-0: Foul Ball, location: 2F
1-1: Called Strike
1-2: Ball
2-2: Foul Ball, location: 2F
2-2: Foul Ball, location: 2F
2-2: Foul Ball, location: 2F
2-2: Strikes out swinging
Bottom of the 9th over - 0 runs, 0 hits, 0 errors, 0 left on base; Gwinnett 4 - Charlotte 1
Wednesday, July 27th , 2022 - OOTP Baseball 23.5 Build 73